Map: Eternal Empire LE

Players

Mosquito - Winner!

  • Race: Protoss Protoss
  • Spawn Location: 7:00

DreadPlayer

  • Race: Protoss Protoss
  • Spawn Location: 1:00

VOD

Have the link to the VOD?

Description

Time

  • Played on: Sept. 9, 2020, 12:10 p.m.
  • Length: 11:19
Show
View Real Time Build Order
Export as new Build Order

Mosquito Protoss - Winner!

Build Orders:  

Get SALT Encoding   

  12  0:02  Probe  
  13  0:14  Probe  
  14  0:22  Pylon  
  14  0:26  Probe  
  15  0:40  Probe  
  16  0:50  Gateway  
  16  0:55  Assimilator  
  16  0:58  Probe (Chrono Boost)  
  17  1:08  Probe (Chrono Boost)  
  18  1:20  Gateway  
  18  1:31  Probe  
  19  1:35  Assimilator  
  19  1:43  Probe  
  20  1:50  Cybernetics Core  
  20  2:11  Pylon  
  20  2:25  Pylon  
  20  2:27  Warp Gate (Chrono Boost)  
  20  2:29  Stalker (Chrono Boost)  
  20  2:31  Stalker (Chrono Boost)  
  20  2:34  Nexus  
  24  2:43  Probe  
  25  2:51  Stalker  
  27  3:18  Pylon  
  27  3:24  Pylon  
  27  3:28  Gateway  
  27  3:40  Gateway  
  27  3:55  Probe (Chrono Boost)  
  29  4:00  Probe (Chrono Boost)  
  29  4:05  Probe (Chrono Boost)  
  29  4:09  Probe (Chrono Boost)  
  31  4:19  Probe  
  32  4:27  Robotics Facility  
  32  4:45  Gateway  
  32  4:46  Gateway  
  32  4:48  Gateway  
  32  4:52  Gateway  
  32  4:54  Gateway  
  30  5:39  Pylon  
  30  5:54  Robotics Bay  
  30  5:57  Probe (Chrono Boost)  
  30  5:58  Probe (Chrono Boost)  
  32  6:08  Probe x2 (Chrono Boost)  
  32  6:10  Assimilator  
  34  6:12  Probe (Chrono Boost)  
  34  6:13  Assimilator  
  35  6:33  Stalker  
  35  6:39  Stalker x2  
  41  6:40  Stalker x2  
  41  6:41  Stalker x2  
  41  6:44  Colossus  
  55  7:07  Stalker  
  55  7:08  Stalker x3  
  61  7:09  Stalker x2  
  61  7:10  Stalker  
  69  7:29  Robotics Facility  
  69  7:34  Probe x2  
  71  7:38  Colossus  
  77  7:46  Probe  
  78  7:55  Pylon  
  78  7:59  Pylon  
  78  8:01  Pylon  
  78  8:04  Pylon  
  78  8:09  Pylon  
  78  8:13  Pylon, Probe x2  
  78  8:18  Colossus  
  86  8:38  Colossus  
  92  9:08  Stalker  
  92  9:09  Stalker  
  96  9:10  Stalker  
  96  9:12  Colossus  
  104  9:27  Forge  
  104  9:32  Colossus  
  84  10:23  Stalker x2  
  84  10:24  Stalker x3  
  84  10:25  Stalker x2  
Show
View Real Time Build Order
Export as new Build Order

DreadPlayer Protoss 

Build Orders:  

Get SALT Encoding   

  12  0:03  Probe  
  13  0:15  Probe  
  13  0:19  Pylon  
  14  0:28  Probe  
  15  0:40  Gateway, Probe (Chrono Boost)  
  17  0:51  Probe (Chrono Boost)  
  17  0:54  Assimilator  
  17  0:57  Probe (Chrono Boost)  
  18  1:06  Probe  
  19  1:18  Probe  
  20  1:29  Cybernetics Core  
  20  1:30  Probe  
  21  1:36  Assimilator  
  21  1:43  Probe  
  22  1:55  Probe  
  22  1:57  Nexus  
  23  2:03  Pylon  
  23  2:08  Warp Gate  
  23  2:16  Pylon  
  23  2:21  Probe, Adept  
  26  2:31  Robotics Facility  
  26  2:55  Stalker  
  27  3:07  Gateway  
  27  3:09  Gateway  
  27  3:19  Observer  
  28  3:31  Pylon  
  28  3:45  Observer  
  29  3:55  Pylon  
  29  4:01  Stalker x2  
  33  4:11  Pylon  
  33  4:15  Immortal  
  37  4:27  Twilight Council  
  37  4:36  Probe x2 (Chrono Boost)  
  41  4:46  Probe x2 (Chrono Boost)  
  41  4:49  Zealot  
  41  4:50  Zealot  
  41  4:51  Probe (Chrono Boost)  
  44  5:28  Immortal  
  48  6:16  Resonating Glaives  
  48  6:31  Probe x2  
  50  6:40  Assimilator  
  50  6:43  Sentry, Probe x2  
  50  6:44  Sentry  
  50  6:45  Assimilator, Stalker  
  58  6:55  Probe x2  
  58  7:16  Nexus  
  58  7:18  Pylon  
  58  7:21  Pylon  
  58  7:39  Zealot x2  
  58  7:40  Zealot  
  64  7:56  Blink  
  64  8:04  Pylon  
  64  8:08  Gateway x2  
  64  8:15  Gateway  
  64  8:17  Gateway  
  64  8:19  Gateway  
  58  8:30  Probe x2  
  58  8:33  Stalker x3  
  66  8:35  Immortal (Chrono Boost)  
  66  8:59  Zealot x2  
  66  9:00  Zealot  
  72  9:14  Stalker  
  72  9:15  Stalker x4  
  82  9:19  Probe x2  
  82  9:20  Probe  
  85  9:31  Probe  
  85  9:32  Probe x2  
  88  9:40  Pylon  
  88  9:44  Pylon, Probe  
  60  10:02  Zealot x3  
  60  10:03  Zealot x3  
  47  10:16  Immortal (Chrono Boost)  
  47  10:19  Stalker x2  
  49  10:33  Shield Battery  
  49  10:34  Stalker x2  
  48  10:35  Stalker  
  44  10:52  Stalker x3  
  54  11:00  Probe  
Tags
 
Matchup
PvP
Spawn Locations
Cross Positions
Add a new tag
Caveats
  • Supply blocks, unpowered buildings, or Contaminate may cause inaccurate times.
  • Supply counts are checked every 10 seconds.